BLB
HARTFORD WHALERS @ NEW ORLEANS VOODOO
03/22/2060
 
TOP OF THE 1ST
Hartford Whalers batting - Pitching for New Orleans Voodoo : LHP Kris Elliott
Pitching: LHP Kris Elliott
Batting: LHB Gene Grimes 0-0: Foul Ball, location: 2F
0-1: Ball
1-1: Ball
2-1: Called Strike
2-2: Ball
3-2: Strikes out looking
Batting: LHB Dalton Winger 0-0: Ball
1-0: Ball
2-0: Fly out, F7 (Flyball, 7, EV 96.9 MPH)
Batting: LHB Ian Schreiber 0-0: Ball
1-0: Ball
2-0: SINGLE (Line Drive, 89S, EV 105.0 MPH)
Batting: LHB Brian Washington 0-0: DOUBLE (Line Drive, 7LS, EV 90.6 MPH)
Ian Schreiber to third
Runner from 3rd tries for Home, SAFE, no throw by LF
Batting: RHB Reilly Wren 0-0: Foul Ball, location: 2F
0-1: TRIPLE (Line Drive, 78XD, EV 104.4 MPH)
Brian Washington scores
Batting: RHB Shawn Douglas 0-0: Ball
1-0: Called Strike
1-1: Ground out 6-3 (Groundball, 6, EV 80.6 MPH)
Top of the 1st over - 2 runs, 3 hits, 0 errors, 1 left on base; Hartford 2 - New Orleans 0
BOTTOM OF THE 1ST
New Orleans Voodoo batting - Pitching for Hartford Whalers : RHP Braydon Lynn
Pitching: RHP Braydon Lynn
Batting: LHB Johnathan Weeks 0-0: DOUBLE (Flyball, 8RD, EV 88.8 MPH)
Batting: RHB Lon Leseberg 0-0: Called Strike
0-1: Ball
1-1: Swinging Strike
1-2: Foul Ball, location: 2F
1-2: 2-RUN HOME RUN (Flyball, 7LD, EV 95.6 MPH), Distance : 360 ft
Batting: RHB Jefferson Turner 0-0: Ball
1-0: Swinging Strike
1-1: Foul Ball, location: 2F
1-2: Ball
2-2: Foul Ball, location: 2F
2-2: Ball
3-2: Fly out, F5 (Popup, 56S, EV 80.6 MPH)
Batting: RHB Nathan Stiso 0-0: Called Strike
0-1: Ball
1-1: Ball
2-1: Called Strike
2-2: Ball
3-2: Ground out 6-3 (Groundball, 6, EV 80.0 MPH)
Batting: LHB Tuck Vrsek 0-0: Ball
1-0: Ball
2-0: Foul Ball, location: 2F
2-1: Foul Ball, location: 2F
2-2: Foul Ball, location: 2F
2-2: Foul Ball, location: 2F
2-2: Foul Ball, location: 2F
2-2: Ball
3-2: SINGLE (Flyball, 5D, EV 89.4 MPH)
Batting: RHB Jeremie Holzschuh 0-0: Called Strike
0-1: Fly out, F3 (Popup, 3SF, EV 69.4 MPH)
Bottom of the 1st over - 2 runs, 3 hits, 0 errors, 1 left on base; Hartford 2 - New Orleans 2
TOP OF THE 2ND
Hartford Whalers batting - Pitching for New Orleans Voodoo : LHP Kris Elliott
Batting: RHB Zyaire Semijenov 0-0: Ground out 6-3 (Groundball, 6, EV 83.1 MPH)
Batting: RHB Wyatt McKenney 0-0: Ball
1-0: Foul Ball, location: 2F
1-1: Ball
2-1: Ground out 6-3 (Groundball, 6, EV 101.2 MPH)
Batting: RHB Tyrone Smith 0-0: Ball
1-0: Ground out 6-3 (Groundball, 6, EV 98.8 MPH)
Top of the 2nd over - 0 runs, 0 hits, 0 errors, 0 left on base; Hartford 2 - New Orleans 2
BOTTOM OF THE 2ND
New Orleans Voodoo batting - Pitching for Hartford Whalers : RHP Braydon Lynn
Batting: RHB Darrin Cramer 0-0: Called Strike
0-1: Called Strike
0-2: Ground out 4-3 (Groundball, 13, EV 84.4 MPH)
Batting: RHB James Wilson 0-0: SINGLE (Groundball, 6D, EV 98.1 MPH)
Batting: RHB Huston Cruz 0-0: Called Strike
0-1: Foul Ball, location: 2F
0-2: Foul Ball, location: 2F
0-2: Fly out, F7 (Flyball, 78S, EV 87.5 MPH)
Batting: LHB Johnathan Weeks 0-0: Foul Ball, location: 2F
0-1: Swinging Strike
0-2: Strikes out swinging
Bottom of the 2nd over - 0 runs, 1 hit, 0 errors, 1 left on base; Hartford 2 - New Orleans 2
TOP OF THE 3RD
Hartford Whalers batting - Pitching for New Orleans Voodoo : LHP Kris Elliott
Batting: LHB Gene Grimes 0-0: Foul Ball, location: 2F
0-1: Ground out 4-3 (Groundball, 34D, EV 108.1 MPH)
Batting: LHB Dalton Winger 0-0: Foul Ball, location: 2F
0-1: Ball
1-1: Swinging Strike
1-2: Ground out 6-3 (Groundball, 56, EV 101.2 MPH)
Batting: LHB Ian Schreiber 0-0: Fly out, F8 (Flyball, 8LM, EV 90.0 MPH)
Top of the 3rd over - 0 runs, 0 hits, 0 errors, 0 left on base; Hartford 2 - New Orleans 2
BOTTOM OF THE 3RD
New Orleans Voodoo batting - Pitching for Hartford Whalers : RHP Braydon Lynn
Batting: RHB Lon Leseberg 0-0: Reached on error, E6 (Groundball, 6, EV 81.9 MPH)
Batting: RHB Jefferson Turner 0-0: Swinging Strike
0-1: Called Strike
0-2: Ball
Lon Leseberg steals 2nd base
1-2: Strikes out looking
Batting: RHB Nathan Stiso 0-0: Ball
1-0: Fly out, F3 (Popup, 3DF, EV 61.2 MPH)
Batting: LHB Tuck Vrsek 0-0: Ball
1-0: Swinging Strike
1-1: Called Strike
1-2: Ball
2-2: Ball
3-2: Base on Balls
Batting: RHB Jeremie Holzschuh 0-0: Called Strike
0-1: Ball
1-1: Ball
2-1: Fly out, F7 (Flyball, 7S, EV 86.9 MPH)
Bottom of the 3rd over - 0 runs, 0 hits, 1 error, 2 left on base; Hartford 2 - New Orleans 2
TOP OF THE 4TH
Hartford Whalers batting - Pitching for New Orleans Voodoo : LHP Kris Elliott
Batting: LHB Brian Washington 0-0: Ball
1-0: Ball
2-0: Ball
3-0: Called Strike
3-1: Swinging Strike
3-2: Strikes out swinging
Batting: RHB Reilly Wren 0-0: Ball
1-0: TRIPLE (Line Drive, 9LD, EV 108.8 MPH)
Batting: RHB Shawn Douglas 0-0: Ball
1-0: Foul Ball, location: 2F
1-1: Fly out, F7 (Flyball, 7, EV 90.0 MPH)
Runner from 3rd tags up, SCORES, throw by LF
Batting: RHB Zyaire Semijenov 0-0: Ball
1-0: Foul Ball, location: 2F
1-1: Ground out 5-3 (Groundball, 56, EV 82.5 MPH)
Top of the 4th over - 1 run, 1 hit, 0 errors, 0 left on base; Hartford 3 - New Orleans 2
BOTTOM OF THE 4TH
New Orleans Voodoo batting - Pitching for Hartford Whalers : RHP Braydon Lynn
Batting: RHB Darrin Cramer 0-0: Ball
1-0: Fly out, F9 (Flyball, 9S, EV 91.9 MPH)
Batting: RHB James Wilson 0-0: Ball
1-0: Foul Ball, location: 2F
1-1: Ball
2-1: Foul Ball, location: 2F
2-2: Foul Ball, location: 2F
2-2: Ball
3-2: Strikes out looking
Batting: RHB Huston Cruz 0-0: Ball
1-0: Foul Ball, location: 2F
1-1: Ball
2-1: Ground out 4-3 (Groundball, 4, EV 103.1 MPH)
Bottom of the 4th over - 0 runs, 0 hits, 0 errors, 0 left on base; Hartford 3 - New Orleans 2
TOP OF THE 5TH
Hartford Whalers batting - Pitching for New Orleans Voodoo : LHP Kris Elliott
Now at 2B: Jarquez Kafele
Batting: RHB Wyatt McKenney 0-0: Ball
1-0: Swinging Strike
1-1: Ball
2-1: Foul Ball, location: 2F
2-2: Ball
3-2: Strikes out swinging
Batting: RHB Tyrone Smith 0-0: Called Strike
0-1: Ball
1-1: Ball
2-1: Foul Ball, location: 2F
2-2: Foul Ball, location: 2F
2-2: Foul Ball, location: 2F
2-2: Ball
3-2: Strikes out swinging
Batting: LHB Gene Grimes 0-0: Foul Ball, location: 2F
0-1: Called Strike
0-2: Ball
1-2: Strikes out swinging
Top of the 5th over - 0 runs, 0 hits, 0 errors, 0 left on base; Hartford 3 - New Orleans 2
BOTTOM OF THE 5TH
New Orleans Voodoo batting - Pitching for Hartford Whalers : RHP Braydon Lynn
Pitching: RHP Jamal Brown
Now in RF: Mort Wheeler
Pinch Hitting: RHB D'Angelo James 0-0: Called Strike
0-1: Called Strike
0-2: Ball
1-2: Strikes out swinging
Batting: LHB Jarquez Kafele 0-0: Ball
1-0: Ball
2-0: Foul Ball, location: 2F
2-1: Ball
3-1: Foul Ball, location: 2F
3-2: Ground out 4-3 (Groundball, 4, EV 102.5 MPH)
Pinch Hitting: LHB Jordy Wovchanoff 0-0: Called Strike
0-1: Ball
1-1: Foul Ball, location: 2F
1-2: Foul Ball, location: 2F
1-2: Ball
2-2: Strikes out swinging
Bottom of the 5th over - 0 runs, 0 hits, 0 errors, 0 left on base; Hartford 3 - New Orleans 2
TOP OF THE 6TH
Hartford Whalers batting - Pitching for New Orleans Voodoo : LHP Kris Elliott
Now at SS: D'Angelo James
Now in LF: Jordy Wovchanoff
Now in RF: Daryl Walken
Pinch Hitting: RHB Abel Kazaz 0-0: Swinging Strike
0-1: SINGLE (Line Drive, 78S, EV 102.5 MPH)
Batting: LHB Mort Wheeler 0-0: Ball
1-0: Swinging Strike
1-1: Called Strike
1-2: Strikes out swinging
Pitching: LHP Harrison Ford
Batting: RHB Cody Zimmerman 0-0: Called Strike
Abel Kazaz steals 2nd base
0-1: Called Strike
0-2: Ball
1-2: Ball
2-2: Foul Ball, location: 2F
2-2: Ball
3-2: Strikes out swinging
Pinch Hitting: SHB JaQawn Schiegl 0-0: Called Strike
0-1: Foul Ball, location: 2F
0-2: Ball
1-2: Strikes out swinging
Top of the 6th over - 0 runs, 1 hit, 0 errors, 1 left on base; Hartford 3 - New Orleans 2
BOTTOM OF THE 6TH
New Orleans Voodoo batting - Pitching for Hartford Whalers : RHP Jamal Brown
Pitching: LHP Noel Fetter
Now at 2B: JaQawn Schiegl
Now at SS: Zyaire Semijenov
Now in LF: Houston Yap
Now in CF: Abel Kazaz
Batting: LHB Daryl Walken 0-0: Ball
1-0: SINGLE (Flyball, 34D, EV 88.8 MPH)
Pinch Hitting: LHB Darrell Petty 0-0: Ball
1-0: Ball
2-0: Foul Ball, location: 2F
2-1: Grounds into double play, 6-4-3 (Groundball, 6, EV 89.4 MPH)
Batting: RHB Jeremie Holzschuh 0-0: Called Strike
0-1: Called Strike
0-2: Ball
1-2: Ball
2-2: Strikes out swinging
Bottom of the 6th over - 0 runs, 1 hit, 0 errors, 0 left on base; Hartford 3 - New Orleans 2
TOP OF THE 7TH
Hartford Whalers batting - Pitching for New Orleans Voodoo : LHP Harrison Ford
Pitching: LHP Kaleb Shannahan
Now at 1B: Darrell Petty
Batting: LHB Houston Yap 0-0: Called Strike
0-1: Ball
1-1: Foul Ball, location: 2F
1-2: Ball
2-2: Foul Ball, location: 2F
2-2: Strikes out swinging
Pinch Hitting: RHB Seth Floyd 0-0: Ball
1-0: Called Strike
1-1: Ball
2-1: Ground out 6-3 (Groundball, 6, EV 76.9 MPH)
Batting: RHB Wyatt McKenney 0-0: Ball
1-0: Foul Ball, location: 2F
1-1: Called Strike
1-2: Ground out 6-3 (Groundball, 6, EV 90.6 MPH)
Top of the 7th over - 0 runs, 0 hits, 0 errors, 0 left on base; Hartford 3 - New Orleans 2
BOTTOM OF THE 7TH
New Orleans Voodoo batting - Pitching for Hartford Whalers : LHP Noel Fetter
Now at SS: Seth Floyd
Batting: SHB Rob French 0-0: Ball
1-0: Ball
2-0: Ball
3-0: Base on Balls
Pinch Hitting: RHB Lucas Anderson 0-0: Sac Bunt to 3S - play at first, batter OUT! 3-1
Rob French to second
Pinch Hitting: LHB Samuel Hamblin 0-0: Called Strike
0-1: Ball
1-1: Swinging Strike
1-2: Strikes out swinging
Batting: RHB D'Angelo James 0-0: Called Strike
0-1: Ball
1-1: Foul Ball, location: 2F
1-2: Strikes out swinging
Bottom of the 7th over - 0 runs, 0 hits, 0 errors, 1 left on base; Hartford 3 - New Orleans 2
TOP OF THE 8TH
Hartford Whalers batting - Pitching for New Orleans Voodoo : LHP Kaleb Shannahan
Pitching: RHP Jonah Gower
Now at 3B: Lucas Anderson
Now in CF: Samuel Hamblin
Batting: RHB Tyrone Smith 0-0: Ball
1-0: Ball
2-0: Called Strike
2-1: SINGLE (Line Drive, 78S, EV 108.1 MPH)
Pitching: LHP Clinton Yates
Batting: LHB Gene Grimes 0-0: Ball
1-0: Foul Ball, location: 2F
1-1: Ball
2-1: Ground out 4-3 (Groundball, 34, EV 106.2 MPH)
Tyrone Smith to second
Batting: RHB Abel Kazaz 0-0: Ball
1-0: Called Strike
1-1: Ball
2-1: Ball
3-1: Ground out 6-3 (Groundball, 6, EV 81.2 MPH)
Tyrone Smith to third
Batting: LHB Mort Wheeler 0-0: Fly out, F8 (Flyball, 8RD, EV 89.4 MPH)
Top of the 8th over - 0 runs, 1 hit, 0 errors, 1 left on base; Hartford 3 - New Orleans 2
BOTTOM OF THE 8TH
New Orleans Voodoo batting - Pitching for Hartford Whalers : LHP Noel Fetter
Pitching: LHP Nathan Dorsey
Pinch Hitting: RHB Dez Swanson 0-0: Swinging Strike
0-1: Ball
1-1: Fly out, F9 (Line Drive, 89M, EV 91.9 MPH)
Batting: LHB Jordy Wovchanoff 0-0: Ball
1-0: Called Strike
1-1: Ball
2-1: Ball
3-1: Ground out 6-3 (Groundball, 56, EV 86.2 MPH)
Batting: LHB Daryl Walken 0-0: SINGLE (Flyball, 8LS, EV 97.5 MPH)
Pinch Hitting: RHB Peyton Ames 0-0: SINGLE (Line Drive, 78M, EV 86.2 MPH)
Daryl Walken to second
Runner from 2nd tries for 3rd, OUT! 8-5
Bottom of the 8th over - 0 runs, 2 hits, 0 errors, 1 left on base; Hartford 3 - New Orleans 2
TOP OF THE 9TH
Hartford Whalers batting - Pitching for New Orleans Voodoo : LHP Clinton Yates
Pitching: RHP Max Sivak
Now at 1B: Isaac Allen
Now at 2B: Dez Swanson
Batting: RHB Cody Zimmerman 0-0: SINGLE (Groundball, 56D, EV 110.0 MPH)
Batting: SHB JaQawn Schiegl 0-0: Swinging Strike
0-1: Swinging Strike
0-2: Strikes out looking
Batting: LHB Houston Yap 0-0: Foul Ball, location: 2F
0-1: Foul Ball, location: 2F
0-2: DOUBLE (Flyball, 89XD, EV 98.1 MPH)
Cody Zimmerman to third
Batting: RHB Seth Floyd 0-0: Ball
1-0: Ball
2-0: Swinging Strike
2-1: Ball
3-1: Called Strike
3-2: Foul Ball, location: 2F
3-2: Foul Ball, location: 2F
3-2: Fly out, F8 (Flyball, 8RD, EV 93.1 MPH)
Runner from 3rd tags up, SCORES, throw by CF
Pinch Hitting: RHB Simon Moody 0-0: Ball
1-0: Ball
2-0: Called Strike
2-1: Swinging Strike
2-2: Ground out 6-3 (Groundball, 6, EV 110.0 MPH)
Top of the 9th over - 1 run, 2 hits, 0 errors, 1 left on base; Hartford 4 - New Orleans 2
BOTTOM OF THE 9TH
New Orleans Voodoo batting - Pitching for Hartford Whalers : LHP Nathan Dorsey
Pitching: RHP Sutton Briggs
Now at C: Simon Moody
Pinch Hitting: RHB Khaleen Romero 0-0: Foul Ball, location: 2F
0-1: Foul Ball, location: 2F
0-2: Ground out 1-3 (Groundball, 13S, EV 67.5 MPH)
Batting: SHB Rob French 0-0: Called Strike
0-1: Ball
1-1: Foul Ball, location: 2F
1-2: Strikes out looking
Batting: RHB Lucas Anderson 0-0: Called Strike
0-1: Ball
1-1: SINGLE (Line Drive, 7S, EV 108.8 MPH)
Batting: LHB Samuel Hamblin 0-0: Foul Ball, location: 2F
0-1: Foul Ball, location: 2F
0-2: SINGLE (Line Drive, 9S, EV 95.6 MPH)
Lucas Anderson to second
Batting: RHB D'Angelo James 0-0: Ball
Wild Pitch!
Lucas Anderson to third
Samuel Hamblin to second
1-0: Foul Ball, location: 2F
1-1: Ball
2-1: Called Strike
2-2: SINGLE (Groundball, 6D, EV 97.5 MPH)
Lucas Anderson scores
Samuel Hamblin to third
Runner from 3rd tries for Home, throw by CF and OUT! 8-2
Bottom of the 9th over - 1 run, 3 hits, 0 errors, 1 left on base; Hartford 4 - New Orleans 3
Wednesday, April 17th , 2024 - OOTP Baseball 23.10 Build 110